 Dungeon Crawl Stone Soup version 0.27.1-4-g1640c2035a (webtiles) character file.

Game seed: 18272586592095258064

97 Stomo444 the Grave Robber (level 4, -3/23 HPs)
             Began as a Vine Stalker Necromancer on Nov 11, 2021.
             Slain by a gnoll (9 damage)
             ... on level 2 of the Dungeon.
             The game lasted 00:05:16 (3092 turns).

Stomo444 the Grave Robber (VSNe)                    Turns: 3092, Time: 00:05:17

Health: -3/23      AC:  2    Str: 12    XL:     4   Next: 68%
Magic:  0/8        EV: 13    Int: 21    God:
Gold:   84         SH:  0    Dex: 14    Spells: 6/7 levels left

rFire    . . .     SeeInvis .   b - +0 club
rCold    . . .     Faith    .   (no shield)
rNeg     . . .     Spirit   +   a - +0 robe
rPois    .         Reflect  .   (no helmet)
rElec    .         Harm     .   (no cloak)
rCorr    .         Rampage  .   (no gloves)
Will     .....                  (no boots)
Stlth    ++........             (no amulet)
HPRegen  1.07/turn              f - +6 ring of intelligence
MPRegen  0.11/turn              (no ring)

@: no status effects
A: fangs 2, regeneration 1, magic shield, antimagic bite, no potion heal 2
a: no special abilities


You were on level 2 of the Dungeon.
You visited 1 branch of the dungeon, and saw 2 of its levels.

You collected 84 gold pieces.

Inventory:

Hand Weapons
 b - a +0 club (weapon)
Armour
 a - a +0 robe (worn)
Jewellery
 f - a +6 ring of intelligence (left hand)
Scrolls
 c - a scroll of enchant armour {unknown}
 e - a scroll of amnesia {unknown}
 g - 2 scrolls of identify {unknown}
 i - a scroll of teleportation {unknown}
Potions
 d - a potion of mutation {unknown}
 h - a potion of magic {unknown}
 j - a potion of ambrosia {unknown}


   Skills:
 + Level 2.5 Fighting
 + Level 3.0 Dodging
 - Level 2.4 Stealth
 - Level 2.1 Spellcasting
 - Level 4.0 Necromancy


You had 6 spell levels left.
You knew the following spells:

 Your Spells              Type           Power      Damage    Failure   Level
a - Pain                  Necr           76%        1d7       2%          1

Your spell library contained the following spells:

 Spells                   Type           Power      Damage    Failure   Level
 Animate Skeleton         Necr           38%        N/A       2%          1
 Vampiric Draining        Necr           9%         2d7       9%          3
 Animate Dead             Necr           9%         N/A       28%         4
 Agony                    Necr           19%        N/A       61%         5


Dungeon Overview and Level Annotations

Branches:
Dungeon (2/15)

Altars:


Innate Abilities, Weirdness & Mutations

You have extremely sharp teeth.
Your natural rate of healing is unusually fast.
When hurt, damage is shared between your health and your magic reserves.
Your bite disrupts and absorbs the magic of your enemies.
Potions cannot restore your health.


Message History

Casting: Pain (safe; 2% risk of failure)
Confirm with . or Enter, or press ? or * to list all spells.
Aiming: Pain (safe; 2% risk of failure)
Press: ? - help, Shift-Dir - straight line, f/p - gnoll
Aim: a gnoll, wielding a +0 whip (moderately wounded, chance to affect: 84%)
The gnoll writhes in agony.
Casting: Pain (safe; 2% risk of failure)
Confirm with . or Enter, or press ? or * to list all spells.
Aiming: Pain (safe; 2% risk of failure)
Press: ? - help, Shift-Dir - straight line, f/p - gnoll
Aim: a gnoll, wielding a +0 whip (severely wounded, chance to affect: 84%)
The gnoll writhes in agony.
You kill the gnoll!
Your Dodging skill increases to level 3!
Casting: Pain (safe; 2% risk of failure)
Confirm with . or Enter, or press ? or * to list all spells.
Aiming: Pain (safe; 2% risk of failure)
Press: ? - help, Shift-Dir - straight line, f - gnoll
Aim: a gnoll, wielding a +0 spear (chance to affect: 84%)
The gnoll writhes in agony.
Casting: Pain (safe; 2% risk of failure)
Confirm with . or Enter, or press ? or * to list all spells.
Aiming: Pain (safe; 2% risk of failure)
Press: ? - help, Shift-Dir - straight line, f/p - gnoll
Aim: a gnoll, wielding a +0 spear (heavily wounded, chance to affect: 84%)
The gnoll writhes in agony.
The gnoll hits you from afar with a +0 spear.
The gnoll hits you with a +0 spear.
You hit the gnoll but do no damage.
The gnoll is heavily wounded.
The gnoll hits you with a +0 spear.
You closely miss the gnoll.
The gnoll is heavily wounded.
The gnoll hits you with a +0 spear!
* * * LOW HITPOINT WARNING * * *
The gnoll closely misses you.
You barely miss the gnoll.
The gnoll is heavily wounded.
The gnoll hits you with a +0 spear!
You die...

.# .# )#
.#
##########
##.#
#.........
#..
#.####.###
#g#
#.#.⌠#.#..
#@#
#.#..#.#..
#.#
#.#'##.#+#
#.#
#.........
#†#
#.#'##.#+#
#.#
#.#..#.#
#.#
#.#..+.+
#.#
#.####.###
#†#
#........†
#.#
#.########


You could see a gnoll.

Vanquished Creatures
  2 gnolls (D:2)
  An adder (D:2)
  5 dart slugs
  2 bats
  9 endoplasms
  2 goblins (D:1)
  6 hobgoblins
  10 jackals (D:2)
  6 ball pythons
  A frilled lizard (D:2)
  5 kobolds
  5 rats
54 creatures vanquished.

Notes
Turn   | Place    | Note
-------+----------+-------------------------------------------
     0 | D:1      | Stomo444 the Vine Stalker Necromancer began the quest for
                  | the Orb.
     0 | D:1      | Reached XP level 1. HP: 9/9 MP: 4/4
   533 | D:1      | Reached XP level 2. HP: 9/14 MP: 3/6
   680 | D:1      | Reached skill level 1 in Fighting
  1458 | D:1      | Found a faded altar of an unknown god.
  1758 | D:1      | Reached XP level 3. HP: 17/18 MP: 5/7
  2623 | D:2      | Gained mutation: Your natural rate of healing is unusually
                  | fast. [Vine Stalker growth]
  2623 | D:2      | Reached XP level 4. HP: 20/23 MP: 4/8
  2980 | D:2      | Noticed a scorpion
  3092 | D:2      | Slain by a gnoll

Illustrated notes

Levels and vault maps discovered:
D:1:      dpeg_arrival_rooms_b, layout_loops_ring,
          shapermc_ecumenical_altar_starsandcircs, grunt_decor_cap
D:2:      minmay_door_path, layout_loops_ring

Skill      XL: |  1  2  3  4 |
---------------+-------------+-----
Fighting       | 1 2 |  2.5
Dodging        | 2 3 |  3.0
Stealth        | |  2.4
Spellcasting   | |  2.1
Necromancy     | |  4.0

Action                   |  1- 3 |  4- 6 || total
-------------------------+-------+-------++-------
Melee: Unarmed           |     5 |       ||     5
       Club              |    36 |    17 ||    53
       Bite              |    13 |     5 ||    18
 Cast: Pain              |    60 |    30 ||    90
 Stab: Sleeping          |     2 |       ||     2
Armor: Robe              |     2 |     4 ||     6
Dodge: Dodged            |    25 |    14 ||    39
